Map: Orbital Shipyard

Players

Descape

  • Race: Zerg Zerg
  • League: Master

Miszu - Winner!

  • Race: Terran Terran
  • League: Master

VOD

Have the link to the VOD?

Description

Time

  • Played on: March 7, 2016, 6:16 p.m.
  • Length: 11:00
Show
View Real Time Build Order
Export as new Build Order

Descape Zerg 

Build Orders: Hatch First, Muta Ling Bane 

Get SALT Encoding   

  12  0:00  Drone  
  13  0:12  Overlord  
  13  0:17  Drone  
  14  0:30  Drone x2  
  14  0:34  Drone  
  17  0:51  Hatchery  
  17  0:55  Drone  
  17  0:58  Drone  
  18  1:12  Spawning Pool  
  18  1:13  Extractor  
  18  1:16  Drone  
  17  1:19  Drone  
  18  1:28  Drone  
  19  1:39  Drone  
  20  1:58  Roach Warren, Queen  
  20  2:00  Zergling x2  
  22  2:03  Queen  
  22  2:04  Zergling x2  
  22  2:07  Overlord  
  25  2:11  Drone  
  26  2:20  Drone  
  27  2:40  Roach x3  
  33  2:47  Queen  
  35  3:02  Drone  
  36  3:10  Overlord  
  36  3:16  Overlord  
  36  3:22  Overlord  
  36  3:26  Overlord  
  36  3:28  Queen  
  38  3:38  Roach x3  
  38  3:40  Drone  
  38  3:41  Drone x3  
  47  3:42  Drone  
  48  3:56  Drone  
  48  3:57  Drone x3  
  46  4:05  Roach x3  
  52  4:18  Roach x2  
  52  4:19  Roach  
  58  4:24  Drone x2  
  58  4:25  Drone  
  61  4:36  Drone x2  
  61  4:37  Drone  
  64  4:53  Drone x3  
  64  4:56  Extractor x2  
  64  4:57  Extractor  
  64  5:15  Drone x3  
  64  5:16  Drone  
  66  5:26  Overlord  
  66  5:30  Hatchery  
  65  5:40  Overlord  
  65  5:41  Drone x4  
  67  5:45  Lair  
  67  5:47  Drone x5  
  67  5:48  Evolution Chamber  
  71  5:53  Overlord  
  71  5:56  Evolution Chamber  
  70  5:57  Spore Crawler  
  70  5:59  Spore Crawler  
  59  6:33  Drone  
  59  6:34  Drone x2  
  59  6:36  Drone  
  59  6:37  Drone x2  
  59  6:39  Zerg Melee Weapons Level 1, Zerg Ground Armor Level 1  
  65  6:40  Overlord  
  65  6:41  Drone x2  
  65  6:42  Drone x2  
  65  6:43  Glial Reconstitution  
  65  6:44  Spire  
  65  6:47  Drone  
  69  6:51  Overlord x2  
  69  6:56  Metabolic Boost, Baneling Nest  
  69  7:01  Drone x3  
  69  7:04  Drone x6  
  69  7:05  Drone  
  69  7:07  Extractor  
  77  7:12  Extractor  
  77  7:15  Drone x3  
  79  7:23  Roach  
  79  7:24  Roach x4  
  89  7:36  Drone  
  89  7:37  Drone x3  
  93  7:38  Overlord  
  93  7:39  Centrifical Hooks  
  93  7:43  Overlord  
  93  7:44  Overlord  
  93  7:51  Roach  
  93  7:52  Roach x7  
  93  7:53  Ravager x2  
  93  7:54  Ravager  
  93  7:55  Ravager  
  93  7:56  Ravager  
  92  8:20  Roach  
  92  8:21  Roach x9  
  90  8:28  Roach x5  
  88  8:35  Roach x3  
  88  8:38  Baneling  
  87  8:54  Mutalisk x2  
  87  8:55  Mutalisk x3  
  97  9:04  Overlord x2  
  97  9:13  Overlord  
  97  9:19  Overlord x2  
  97  9:22  Queen  
  99  9:34  Zergling x2  
  99  9:35  Zergling x14  
  105  9:39  Ravager x2  
  105  9:40  Zergling x10  
  105  9:41  Zergling x2  
  76  10:09  Mutalisk x4  
  82  10:17  Baneling  
  82  10:18  Baneling x3  
  82  10:19  Roach x3  
  82  10:20  Roach  
  90  10:27  Zergling x2  
  90  10:28  Zergling x4  
  93  10:38  Hatchery  
Show
View Real Time Build Order
Export as new Build Order

Miszu Terran - Winner!

Build Orders: MMM Bio 

Get SALT Encoding   

  12  0:01  SCV  
  13  0:13  SCV  
  14  0:19  Supply Depot  
  14  0:25  SCV  
  15  0:40  SCV  
  15  0:41  Barracks  
  16  0:44  Refinery  
  16  0:52  SCV  
  17  1:02  Barracks  
  17  1:04  SCV  
  18  1:16  Barracks  
  18  1:20  SCV  
  19  1:27  Refinery  
  19  1:31  Reaper  
  20  1:40  Supply Depot  
  20  1:52  Reaper  
  21  1:58  Orbital Command  
  21  2:04  Reaper  
  21  2:07  Reaper  
  23  2:16  Supply Depot  
  23  2:24  Reaper, SCV  
  25  2:36  Reaper  
  26  2:37  SCV  
  26  2:39  Reaper  
  26  2:42  Supply Depot  
  28  2:56  Reaper  
  29  3:06  SCV  
  29  3:08  Reaper  
  29  3:11  Reaper  
  32  3:17  Command Center  
  32  3:19  SCV  
  33  3:28  Reaper  
  33  3:32  SCV  
  35  3:40  Reaper  
  36  3:55  Barracks Reactor  
  34  4:06  Barracks Tech Lab  
  34  4:08  SCV  
  34  4:11  Command Center  
  34  4:22  Barracks Tech Lab  
  34  4:23  SCV  
  35  4:26  Marine  
  35  4:27  Stimpack  
  37  4:32  Marine  
  37  4:33  Marine  
  37  4:34  Orbital Command  
  37  4:35  SCV  
  39  4:44  Marine  
  40  4:47  SCV  
  40  4:49  Marine  
  40  4:50  Marine  
  43  4:55  Marine  
  43  4:59  SCV  
  45  5:06  Marine  
  46  5:09  Marine x2  
  46  5:10  SCV  
  46  5:11  SCV  
  46  5:13  Marine  
  50  5:16  Factory  
  50  5:23  Marine, SCV x2  
  50  5:27  Marine  
  52  5:32  Marine x2  
  52  5:35  SCV x2  
  56  5:41  Marine  
  56  5:42  Orbital Command  
  57  5:44  Marine  
  57  5:46  Refinery  
  57  5:47  Refinery, SCV x2  
  57  5:49  Combat Shields  
  60  5:50  Marine x2  
  62  5:59  Marine, SCV  
  62  6:00  Supply Depot, SCV  
  62  6:01  Supply Depot  
  62  6:02  Marine  
  66  6:06  Starport, Orbital Command  
  66  6:07  Marine, Factory Reactor  
  66  6:11  SCV  
  66  6:14  Marine  
  66  6:28  Marine x2  
  66  6:29  Marine  
  66  6:30  SCV x2  
  66  6:31  Marine  
  69  6:34  Engineering Bay  
  69  6:35  Engineering Bay  
  69  6:36  SCV  
  70  6:42  SCV x2  
  70  6:46  Marine x2  
  74  6:47  Marine  
  74  6:48  SCV  
  74  6:49  Marine  
  77  6:54  SCV  
  77  6:55  SCV  
  77  6:58  Medivac  
  77  6:59  Medivac, Factory Tech Lab  
  77  7:00  SCV  
  84  7:03  Terran Infantry Weapons Level 1, Terran Infantry Armor Level 1, Marine  
  84  7:04  Marine  
  84  7:06  SCV  
  84  7:07  Marine, SCV  
  90  7:12  Supply Depot, SCV  
  90  7:13  Supply Depot  
  90  7:14  Supply Depot  
  90  7:18  SCV  
  90  7:19  SCV  
  91  7:23  Barracks  
  91  7:24  Barracks, SCV  
  91  7:27  Armory  
  92  7:30  SCV  
  92  7:33  SCV  
  92  7:36  Supply Depot, SCV  
  95  7:38  Supply Depot x2  
  95  7:42  SCV  
  95  7:43  Marine  
  95  7:44  Marine x2, Medivac  
  98  7:45  Medivac, SCV  
  98  7:46  Marine  
  98  7:48  SCV  
  106  7:55  SCV  
  106  7:57  SCV  
  108  8:00  SCV  
  108  8:01  Marine x3  
  108  8:04  Marine  
  111  8:15  Marine  
  111  8:16  Viking, Marine  
  111  8:19  Marine x3  
  110  8:21  Marine  
  101  8:33  Marine x2  
  102  8:37  Marine x2  
  102  8:38  Marauder  
  102  8:39  Medivac  
  102  8:40  Marauder  
  110  8:42  Barracks  
  110  8:44  Barracks  
  110  8:45  Supply Depot x3, Barracks  
  104  8:52  Medivac  
  104  8:54  Barracks Reactor x2  
  104  8:55  Marine x2  
  108  8:59  Marine  
  110  9:04  Marauder  
  110  9:05  Siege Tank  
  110  9:09  Medivac  
  116  9:12  Supply Depot, Marine  
  116  9:13  Marine  
  120  9:17  Marauder  
  120  9:22  Supply Depot x2, Command Center  
  120  9:25  Marauder  
  120  9:30  Marine x2, Barracks Tech Lab  
  124  9:32  Barracks Tech Lab x2  
  124  9:34  Refinery  
  124  9:36  Refinery  
  124  9:37  Siege Tank  
  129  9:38  Marauder  
  129  9:40  Marine  
  129  9:41  Marine x3  
  129  9:42  Medivac x2  
  137  9:46  Marauder  
  137  9:48  Marine x2  
  139  9:53  Marine  
  139  9:54  Marine, Marauder  
  139  9:58  Marine  
  139  9:59  Marine x4  
  136  10:06  Marine x2  
  125  10:08  Marauder, Widow Mine  
  125  10:11  Marine  
  125  10:12  Medivac x2, Marauder  
  134  10:15  Marine  
  134  10:16  Marine x2  
  134  10:17  Marine x2, Marauder  
  141  10:24  Marine x2  
  143  10:29  Marine, Marauder  
  143  10:32  Marine  
  143  10:33  Marine  
  143  10:34  Marine x2  
  150  10:39  Marauder  
  150  10:41  Marine x2  
  150  10:42  Marine x2  
Tags
 
Add a new tag
Caveats
  • Supply blocks, unpowered buildings, or Contaminate may cause inaccurate times.
  • Supply counts are checked every 10 seconds.